 Dungeon Crawl Stone Soup version 0.24-a0-115-gd155597 (console) character file.

Game seed: 17452873697750530195

153 Duffy the Chopper (level 5, 0/45 HPs)
             Began as a Naga Gladiator on Feb 16, 2019.
             Killed from afar by Blork the orc (5 damage)
             ... with a magic dart
             ... on level 5 of the Dungeon.
             The game lasted 00:00:59 (1089 turns).

Duffy the Chopper (Naga Gladiator)                  Turns: 1089, Time: 00:00:59

Health: 0/45       AC:  5    Str: 16    XL:     5   Next: 35%
Magic:  5/5        EV:  8    Int: 10    God:
Gold:   62         SH:  0    Dex: 12    Spells: 4/4 levels left

rFire    . . .     SeeInvis +   a - +0 war axe
rCold    . . .     Gourm    .   (no shield)
rNeg     . . .     Faith    .   m - +0 scale mail
rPois    +         Spirit   .   c - +0 helmet
rElec    .         Reflect  .   (no cloak)
rCorr    .         Harm     .   (no gloves)
MR       .....                  (no barding)
Stlth    ..........             (no amulet)
HPRegen  0.15/turn              i - ring of wizardry
MPRegen  0.09/turn              (no ring)

@: short of breath, very slow
A: large, see invisible, deformed body, poison resistance, slowness 2, slow
metabolism 1, spit poison 1, AC +1
a: Spit Poison


You were on level 5 of the Dungeon.
You were hungry.

You visited 1 branch of the dungeon, and saw 5 of its levels.

You collected 62 gold pieces.

Inventory:

Hand Weapons
 a - a +0 war axe (weapon)
Missiles
 d - 3 throwing nets (quivered)
Armour
 b - a +0 leather armour
 c - a +0 helmet (worn)
 h - a +0 ring mail
 m - a +0 scale mail (worn)
Jewellery
 i - a ring of wizardry (left hand)
Scrolls
 e - a scroll of blinking {unknown}
 g - 2 scrolls of magic mapping {unknown}
 l - a scroll of random uselessness {unknown}
 p - a scroll of fog {unknown}
Potions
 j - a potion of lignification {unknown}
 k - a potion of degeneration {unknown}
 n - 2 potions of haste {unknown}
 o - a potion of brilliance {unknown}
Comestibles
 f - 2 rations


   Skills:
 - Level 2.0 Fighting
 + Level 5.9 Axes
 - Level 1.7 Throwing
 - Level 2.4 Dodging


You had 4 spell levels left.
You didn't know any spells.
Your spell library was empty.

Dungeon Overview and Level Annotations

Branches:
Dungeon (5/15)
 Temple: D:4-7

Altars:

Annotations:
D:5 Blork the orc


Innate Abilities, Weirdness & Mutations

You cannot wear boots.
Your serpentine skin is tough. (AC +1)
You have supernaturally acute eyesight. (SInv)
Armour fits poorly on your strangely shaped body.
Your system is resistant to poisons. (rPois)
You cover ground very slowly.
You have a slow metabolism.
You can spit poison.


Message History

You hit Blork the orc.
Blork the orc is severely wounded.
Blork the orc begins to cast a cantrip, but forgets the words!
You barely miss Blork the orc.
Blork the orc is severely wounded.
Blork the orc gestures wildly while chanting.
Blork the orc flickers and vanishes for a moment.
Blork the orc closely misses you.
Your scale mail prevents you from hitting Blork the orc.
Blork the orc is severely wounded.
You have got your breath back.
Blork the orc looks satisfied for a moment.
Blork the orc hits you with a +0 war axe.
Press: ? - help, Shift-Dir - straight line, f/p - Blork the orc
Aim: Blork the orc, wielding a +0 war axe and wearing a +0 robe (severely wounded, fast, slightly transparent, unusually agile)
The splash of poison misses Blork the orc.
You are feeling hungry.
Blork the orc gestures at you while chanting.
The magic dart hits you.
You die...

##.......#.#####.#
##..###.# #.# ##.#
#.# ####.# #.. #.#
#....# ###+##.#
#.##.# #....#.#
#.#..# #....#.#
#.#..# #....#.#
#.#..# #......#
#@#..# #......#
#o#..#
#####..#.##.#..#
#######..#.##.#..#
.........#.##.#..#
#######.##.##.####
#.........
##....)## #.....#


You could see Blork the orc (invisible).

Vanquished Creatures
  A howler monkey (D:4)
  A centaur skeleton (D:5)
  2 bullfrog skeletons (D:5)
  An adder (D:5)
  A leopard gecko (D:5)
  A giant cockroach (D:4)
  3 goblins
  4 kobolds
  A ball python (D:3)
  2 bats (D:1)
  A frilled lizard (D:4)
  2 rats
20 creatures vanquished.

Notes
Turn   | Place    | Note
-------+----------+-------------------------------------------
     0 | D:1      | Duffy the Naga Gladiator began the quest for the Orb.
     0 | D:1      | Reached XP level 1. HP: 19/19 MP: 1/1
   225 | D:1      | Reached XP level 2. HP: 20/26 MP: 2/2
   597 | D:4      | Noticed a howler monkey
   604 | D:4      | Killed a howler monkey
   604 | D:4      | Reached skill level 4 in Axes
   604 | D:4      | Reached XP level 3. HP: 32/32 MP: 3/3
   801 | D:5      | Entered Level 5 of the Dungeon
   827 | D:5      | Reached skill level 5 in Axes
   827 | D:5      | Reached XP level 4. HP: 27/39 MP: 4/4
   962 | D:5      | Reached XP level 5. HP: 40/45 MP: 5/5
  1074 | D:5      | Noticed Blork the orc
  1089 | D:5      | Killed from afar by Blork the orc

Levels and vault maps discovered:
D:1:      dpeg_arrival_erosion, layout_loops_ring, tso_metal_star
D:2:      minmay_door_path, layout_basic, first_ration
D:3:      layout_basic, nicolae_overflow_crystal_walls,
          chequers_ecumenical_altar_simple_redux,
          minmay_misc_feat_secret_circle, grunt_dithmenos_smoke_and_mirrors
D:4:      layout_gridville
D:5:      layout_basic, cheibrodos_gnoll_hut, uniq_blork_the_orc

Skill      XL: |  1  2  3 |
---------------+----------+-----
Axes           | 4 5 |  5.9
Fighting       | |  2.0
Throwing       | |  1.7
Dodging        | |  2.4

Action                   |  1- 3 |  4- 6 || total
-------------------------+-------+-------++-------
Melee: War axe           |    64 |    24 ||    88
 Abil: Spit Poison       |     2 |     7 ||     9
Armor: Leather armour    |    15 |       ||    15
       Ring mail         |    17 |       ||    17
       Scale mail        |     1 |     6 ||     7
Dodge: Dodged            |    41 |    17 ||    58

Table legend:
 A = Non-vault XP
 B = Vault XP
 C = Vault XP percentage of total XP
 D = Non-vault monster count
 E = Vault monster count
 F = Vault count percentage of total count
                 A         B        C        D         E       F
            +---------+---------+-------+---------+---------+-------
      Total |     219 |       0 |   0.0 |      20 |       0 |   0.0
            +---------+---------+-------+---------+---------+-------
        D:1 |      10 |       0 |   0.0 |       6 |       0 |   0.0
        D:2 |       6 |       0 |   0.0 |       3 |       0 |   0.0
        D:3 |       4 |       0 |   0.0 |       3 |       0 |   0.0
        D:4 |      60 |       0 |   0.0 |       3 |       0 |   0.0
        D:5 |     139 |       0 |   0.0 |       5 |       0 |   0.0
            +---------+---------+-------+---------+---------+-------
